[ AOE2 MATCH · #507346509 ]
UnrankedRomans vs Spanish
Player's team · WIN
Rival team · LOSS
[ REPLAY ANALYSIS · EXTRACTED FROM THE RECORDED GAME ]
Feudal
9:18
Castle
20:57
Imperial
—
| APM avg | 47.4 |
| APM peak | 78 |
| eAPM avg | 18.7 |
| Villagers / military | 68 / 40 |
Focus
⚔️ 27.8% · 🌾 72.2%
Archer ×33 · Militia ×3 · Battering Ram ×3 · Mangonel ×1
Feudal
9:44
Castle
22:47
Imperial
—
| APM avg | 61.3 |
| APM peak | 85 |
| eAPM avg | 31.3 |
| Villagers / military | 81 / 26 |
Focus
⚔️ 35.3% · 🌾 64.7%
Skirmisher ×10 · Archer ×6 · Conquistador ×6 · Militia ×4
Match map
Initial resources + every placement click. Lines = walls · curves = elevation contours. ◆ gold · ⬟ stone · ● berries · ✦ relic · ◌ wall gap
Your base· Open — 8t gap
GdR_Scugo's base· Open — 5t gap
Smoothed initial terrain · ◌ = detected wall gap · hover for details
Inputs per minute
— Retentio - - GdR_Scugo
Build order — Retentio
First 150 of 178 actions detected
| 0:01 | Queue | Villager (Male) |
| 0:01 | Queue | Villager (Male) |
| 0:02 | Queue | Villager (Male) |
| 0:03 | Build | House |
| 0:04 | Build | House |
| 0:18 | Queue | Villager (Male) |
| 0:18 | Queue | Villager (Male) |
| 1:24 | Queue | Villager (Male) |
| 1:25 | Queue | Villager (Male) |
| 1:58 | Build | Lumber Camp |
| 2:03 | Queue | Villager (Male) |
| 2:03 | Queue | Villager (Male) |
| 2:12 | Queue | Villager (Male) |
| 2:12 | Queue | Villager (Male) |
| 2:31 | Queue | Villager (Male) |
| 2:31 | Queue | Villager (Male) |
| 3:05 | Queue | Villager (Male) |
| 3:06 | Queue | Villager (Male) |
| 3:20 | Build | House |
| 3:36 | Queue | Villager (Male) |
| 4:01 | Queue | Villager (Male) |
| 4:02 | Queue | Villager (Male) |
| 4:18 | Queue | Villager (Male) |
| 4:18 | Queue | Villager (Male) |
| 4:24 | Build | House |
| 4:58 | Build | Mill |
| 5:03 | Build | Mill |
| 5:09 | Queue | Villager (Male) |
| 5:33 | Queue | Villager (Male) |
| 5:53 | Queue | Villager (Male) |
| 6:03 | Build | House |
| 6:40 | Research | Loom |
| 7:08 | Research | Feudal Age |
| 7:14 | Build | Barracks |
| 7:41 | Build | House |
| 8:03 | Queue | Militia |
| 8:12 | Queue | Militia |
| 8:27 | Build | Mining Camp |
| 8:29 | Queue | Villager (Male) |
| 9:02 | Queue | Militia |
| 9:12 | Queue | Villager (Male) |
| 9:17 | Queue | Villager (Male) |
| 9:18 | Age | Feudal Age |
| 9:29 | Queue | Villager (Male) |
| 10:02 | Build | Archery Range |
| 10:09 | Queue | Villager (Male) |
| 10:13 | Research | Double-Bit Axe |
| 10:18 | Build | Farm |
| 10:25 | Build | Farm |
| 10:26 | Queue | Villager (Male) |
| 10:38 | Build | House |
| 10:52 | Queue | Villager (Male) |
| 10:55 | Queue | Archer |
| 10:58 | Build | Farm |
| 11:02 | Build | Blacksmith |
| 11:24 | Queue | Villager (Male) |
| 11:28 | Build | Farm |
| 11:30 | Build | Farm |
| 11:38 | Queue | Villager (Male) |
| 11:44 | Queue | Archer |
| 11:55 | Build | House |
| 11:59 | Queue | Archer |
| 12:00 | Queue | Villager (Male) |
| 12:03 | Build | Farm |
| 12:09 | Build | Palisade Wall |
| 12:13 | Build | Palisade Wall |
| 12:15 | Build | Palisade Wall |
| 12:16 | Build | Palisade Wall |
| 12:25 | Research | Fletching |
| 12:28 | Build | Farm |
| 12:35 | Build | Palisade Wall |
| 12:41 | Queue | Archer |
| 12:42 | Queue | Villager (Male) |
| 13:03 | Queue | Villager (Male) |
| 13:09 | Build | Palisade Wall |
| 13:22 | Queue | Archer |
| 13:23 | Queue | Villager (Male) |
| 13:25 | Build | Farm |
| 13:27 | Build | House |
| 13:28 | Build | Palisade Wall |
| 13:32 | Queue | Villager (Male) |
| 13:38 | Queue | Archer |
| 13:41 | Build | House |
| 13:56 | Build | House |
| 14:03 | Queue | Archer |
| 14:20 | Queue | Archer |
| 14:37 | Queue | Villager (Male) |
| 14:58 | Queue | Archer |
| 15:08 | Queue | Villager (Male) |
| 15:10 | Build | Farm |
| 15:15 | Build | Market |
| 15:16 | Build | House |
| 15:28 | Queue | Archer |
| 15:31 | Build | House |
| 15:35 | Build | Palisade Gate |
| 15:47 | Queue | Villager (Male) |
| 15:49 | Build | Farm |
| 16:03 | Queue | Villager (Male) |
| 16:07 | Build | House |
| 16:15 | Queue | Archer |
| 16:36 | Queue | Villager (Male) |
| 16:37 | Build | Farm |
| 16:39 | Build | House |
| 16:40 | Build | Palisade Wall |
| 16:45 | Build | Lumber Camp |
| 17:01 | Research | Wheelbarrow |
| 17:03 | Build | Farm |
| 17:19 | Queue | Archer |
| 17:48 | Queue | Archer |
| 18:08 | Build | Archery Range |
| 18:15 | Research | Castle Age |
| 18:44 | Queue | Archer |
| 18:46 | Research | Padded Archer Armor |
| 19:01 | Research | Gold Mining |
| 19:09 | Queue | Archer |
| 19:43 | Queue | Archer |
| 19:43 | Queue | Archer |
| 19:56 | Queue | Villager (Male) |
| 20:10 | Queue | Archer |
| 20:34 | Research | Horse Collar |
| 20:41 | Queue | Archer |
| 20:57 | Age | Castle Age |
| 20:58 | Research | Bodkin Arrow |
| 20:58 | Research | Bodkin Arrow |
| 21:00 | Research | Crossbowman (upgrade) |
| 21:04 | Queue | Villager (Male) |
| 21:11 | Build | Town Center |
| 21:13 | Queue | Villager (Male) |
| 21:53 | Build | Siege Workshop |
| 22:04 | Queue | Villager (Male) |
| 22:10 | Queue | Archer |
| 22:10 | Queue | Archer |
| 22:25 | Queue | Villager (Male) |
| 22:32 | Queue | Villager (Male) |
| 22:40 | Queue | Villager (Male) |
| 22:44 | Queue | Villager (Male) |
| 22:47 | Queue | Villager (Male) |
| 22:52 | Queue | Mangonel |
| 22:55 | Build | House |
| 23:07 | Queue | Villager (Male) |
| 23:09 | Queue | Battering Ram |
| 23:18 | Build | University |
| 23:20 | Queue | Villager (Male) |
| 23:22 | Queue | Villager (Male) |
| 23:24 | Build | Farm |
| 23:26 | Queue | Villager (Male) |
| 23:32 | Build | Mining Camp |
| 23:33 | Queue | Archer |
| 23:38 | Build | House |
| 23:44 | Queue | Archer |
Build order — GdR_Scugo
First 150 of 206 actions detected
| 0:01 | Queue | Villager (Male) |
| 0:01 | Queue | Villager (Male) |
| 0:01 | Queue | Villager (Male) |
| 0:02 | Queue | Villager (Male) |
| 0:02 | Queue | Villager (Male) |
| 0:03 | Build | House |
| 0:05 | Build | House |
| 1:26 | Queue | Villager (Male) |
| 1:26 | Queue | Villager (Male) |
| 1:58 | Build | Lumber Camp |
| 2:00 | Queue | Villager (Male) |
| 2:01 | Queue | Villager (Male) |
| 2:25 | Queue | Villager (Male) |
| 2:25 | Queue | Villager (Male) |
| 2:42 | Queue | Villager (Male) |
| 2:42 | Queue | Villager (Male) |
| 3:04 | Queue | Villager (Male) |
| 3:04 | Queue | Villager (Male) |
| 3:39 | Queue | Villager (Male) |
| 3:39 | Queue | Villager (Male) |
| 3:50 | Build | House |
| 4:00 | Queue | Villager (Male) |
| 4:23 | Queue | Villager (Male) |
| 4:42 | Build | Barracks |
| 4:46 | Queue | Villager (Male) |
| 4:52 | Build | House |
| 4:56 | Queue | Villager (Male) |
| 4:56 | Queue | Villager (Male) |
| 5:35 | Queue | Militia |
| 5:35 | Queue | Militia |
| 5:36 | Queue | Villager (Male) |
| 6:10 | Queue | Villager (Male) |
| 6:16 | Queue | Villager (Male) |
| 6:19 | Build | Mill |
| 6:29 | Research | Loom |
| 7:34 | Research | Feudal Age |
| 7:34 | Research | Feudal Age |
| 8:14 | Build | Mining Camp |
| 8:34 | Build | Palisade Wall |
| 9:02 | Queue | Villager (Male) |
| 9:04 | Build | House |
| 9:07 | Queue | Militia |
| 9:13 | Build | House |
| 9:15 | Build | Palisade Wall |
| 9:19 | Build | Palisade Wall |
| 9:25 | Queue | Militia |
| 9:44 | Age | Feudal Age |
| 9:47 | Queue | Villager (Male) |
| 9:50 | Queue | Villager (Male) |
| 9:56 | Queue | Villager (Male) |
| 10:04 | Build | Archery Range |
| 10:09 | Queue | Villager (Male) |
| 10:13 | Queue | Villager (Male) |
| 10:20 | Research | Double-Bit Axe |
| 10:20 | Research | Double-Bit Axe |
| 10:25 | Build | Palisade Wall |
| 10:40 | Build | Farm |
| 10:42 | Build | Farm |
| 10:49 | Queue | Archer |
| 10:50 | Queue | Archer |
| 10:52 | Build | House |
| 10:53 | Build | House |
| 11:01 | Build | Palisade Wall |
| 11:11 | Build | Farm |
| 11:26 | Queue | Villager (Male) |
| 11:28 | Build | House |
| 11:34 | Build | Farm |
| 11:35 | Build | Farm |
| 11:44 | Build | Palisade Wall |
| 11:51 | Queue | Archer |
| 11:55 | Build | Palisade Wall |
| 11:56 | Queue | Villager (Male) |
| 11:57 | Queue | Villager (Male) |
| 12:05 | Build | House |
| 12:05 | Build | House |
| 12:22 | Queue | Villager (Male) |
| 12:25 | Build | Palisade Wall |
| 12:31 | Build | Farm |
| 12:32 | Queue | Villager (Male) |
| 12:34 | Build | Palisade Wall |
| 12:43 | Build | Farm |
| 12:54 | Build | Farm |
| 12:56 | Queue | Villager (Male) |
| 12:56 | Queue | Villager (Male) |
| 13:07 | Build | Palisade Wall |
| 13:11 | Queue | Archer |
| 13:17 | Build | House |
| 13:23 | Queue | Villager (Male) |
| 13:29 | Build | Mining Camp |
| 13:39 | Build | House |
| 13:42 | Build | Farm |
| 13:44 | Queue | Villager (Male) |
| 13:49 | Queue | Villager (Male) |
| 13:52 | Build | House |
| 14:03 | Build | House |
| 14:26 | Queue | Villager (Male) |
| 14:36 | Build | Blacksmith |
| 14:44 | Queue | Villager (Male) |
| 14:47 | Queue | Villager (Male) |
| 14:48 | Queue | Skirmisher |
| 14:54 | Build | Farm |
| 15:02 | Research | Fletching |
| 15:02 | Research | Fletching |
| 15:07 | Queue | Villager (Male) |
| 15:15 | Queue | Villager (Male) |
| 15:28 | Build | Lumber Camp |
| 15:43 | Build | Farm |
| 15:44 | Queue | Villager (Male) |
| 15:46 | Queue | Villager (Male) |
| 16:03 | Build | Farm |
| 16:05 | Build | Farm |
| 16:11 | Build | House |
| 16:12 | Queue | Villager (Male) |
| 16:16 | Build | House |
| 16:19 | Queue | Villager (Male) |
| 17:00 | Queue | Villager (Male) |
| 17:01 | Queue | Archer |
| 17:05 | Build | Market |
| 17:06 | Queue | Villager (Male) |
| 17:17 | Queue | Villager (Male) |
| 17:25 | Queue | Villager (Male) |
| 17:33 | Queue | Villager (Male) |
| 17:34 | Queue | Archer |
| 17:36 | Build | Watch Tower |
| 17:42 | Queue | Villager (Male) |
| 17:47 | Build | Farm |
| 17:47 | Build | Farm |
| 17:48 | Build | Mill |
| 17:50 | Build | Farm |
| 17:50 | Build | Farm |
| 17:55 | Build | Farm |
| 17:57 | Queue | Villager (Male) |
| 18:09 | Build | Farm |
| 18:20 | Build | Farm |
| 18:33 | Build | Palisade Wall |
| 18:34 | Build | Palisade Wall |
| 18:44 | Build | Farm |
| 18:45 | Build | Farm |
| 18:59 | Build | House |
| 19:01 | Queue | Skirmisher |
| 19:05 | Research | Padded Archer Armor |
| 19:06 | Queue | Villager (Male) |
| 19:06 | Queue | Villager (Male) |
| 19:10 | Queue | Skirmisher |
| 19:12 | Build | House |
| 19:16 | Queue | Skirmisher |
| 19:21 | Queue | Villager (Male) |
| 19:26 | Queue | Skirmisher |
| 19:42 | Queue | Skirmisher |
| 20:07 | Research | Castle Age |
Match timeline
| 4:42 | GdR_Scugo · first_building Barracks |
| 7:14 | Retentio · first_building Barracks |
| 8:34 | GdR_Scugo · wall_segment Palisade Wall x1 |
| 9:15 | GdR_Scugo · wall_segment Palisade Wall x3 |
| 9:18 | Retentio · age_up feudal |
| 9:19 | GdR_Scugo · wall_segment Palisade Wall x4 |
| 9:44 | GdR_Scugo · age_up feudal |
| 10:02 | Retentio · first_building Archery Range |
| 10:04 | GdR_Scugo · first_building Archery Range |
| 10:25 | GdR_Scugo · wall_segment Palisade Wall x1 |
| 11:01 | GdR_Scugo · wall_segment Palisade Wall x4 |
| 11:44 | GdR_Scugo · wall_segment Palisade Wall x6 |
| 11:55 | GdR_Scugo · wall_segment Palisade Wall x5 |
| 12:09 | Retentio · wall_segment Palisade Wall x2 |
| 12:13 | Retentio · wall_segment Palisade Wall x3 |
| 12:15 | Retentio · wall_segment Palisade Wall x3 |
| 12:16 | Retentio · wall_segment Palisade Wall x1 |
| 12:25 | GdR_Scugo · wall_segment Palisade Wall x3 |
| 12:34 | GdR_Scugo · wall_segment Palisade Wall x4 |
| 12:35 | Retentio · wall_segment Palisade Wall x6 |
| 13:07 | GdR_Scugo · wall_segment Palisade Wall x1 |
| 13:09 | Retentio · wall_segment Palisade Wall x4 |
| 13:28 | Retentio · wall_segment Palisade Wall x1 |
| 16:40 | Retentio · wall_segment Palisade Wall x3 |
| 18:33 | GdR_Scugo · wall_segment Palisade Wall x1 |
| 18:34 | GdR_Scugo · wall_segment Palisade Wall x1 |
| 18:41 | GdR_Scugo · first_market_sell 100 wood |
| 20:03 | GdR_Scugo · first_market_buy 100 food |
| 20:57 | Retentio · age_up castle |
| 21:50 | GdR_Scugo · wall_segment Stone Wall x1 |
| 21:53 | Retentio · first_building Siege Workshop |
| 22:47 | GdR_Scugo · age_up castle |
| 22:49 | GdR_Scugo · first_building Castle |
| 23:06 | GdR_Scugo · wall_segment Palisade Wall x1 |
| 23:10 | GdR_Scugo · wall_segment Palisade Wall x1 |
| 24:16 | GdR_Scugo · first_building Stable |
| 24:16 | Retentio · first_market_buy 100 wood |
| 26:38 | Retentio · first_building Castle |
| 27:26 | GdR_Scugo · resign |
[ AI ANALYSIS · 1 CREDIT ]
What really happened in this match?
Wolo.gg analyzes every decision: build order, eco, micro, common mistakes by bracket. Personalized analysis on WhatsApp or Discord in 30 seconds.
Civ guide
Romans
Perfil
Jugador #21036341